 Dungeon Crawl Stone Soup version 0.25-a0-860-gf695395b5c (webtiles) character file.

Game seed: 3603075418510700999, levelgen mode: deterministic

1675 MisterFreud the Nimble (level 8, -6/38 HPs)
             Began as a Felid Ice Elementalist on Apr 28, 2020.
             Was a High Priest of Uskayaw.
             Mangled by a komodo dragon (22 damage)
             ... on level 9 of the Dungeon.
             The game lasted 00:20:46 (11201 turns).

MisterFreud the Nimble (Felid Ice Elementalist)    Turns: 11201, Time: 00:20:47

Health: -6/38      AC:  2    Str:  7    XL:     8   Next: 70%
Magic:  11/15      EV: 24    Int: 17    God:    Uskayaw [*****.]
Gold:   418        SH:  0    Dex: 16    Spells: 11/15 levels left
                                        Lives:  0   Deaths: 2

rFire    . . .     SeeInvis +     - Unarmed
rCold    + . .     Gourm    .   (shield unavailable)
rNeg     . . .     Faith    .   (armour unavailable)
rPois    .         Spirit   .   (helmet unavailable)
rElec    .         Reflect  .   (cloak unavailable)
rCorr    .         Harm     .   (gloves unavailable)
MR       +....                  (boots unavailable)
Stlth    ++++......             (no amulet)
HPRegen  0.12/turn              a - ring of wizardry
MPRegen  0.14/turn              t - ring of protection from cold

@: frozen ramparts, quick
A: very small, no armour, no weapons or thrown items, stealth, claws 1, fangs 3,
see invisible, carnivore, speed 1, shaggy fur 2, slow metabolism 1, sharp paws
a: Stomp, Line Pass, Grand Finale, Renounce Religion


You were on level 9 of the Dungeon.
You worshipped Uskayaw.
Uskayaw was noncommittal.
You were very full.

You visited 2 branches of the dungeon, and saw 10 of its levels.
You also visited: Sewer.

You collected 418 gold pieces.

Inventory:

Jewellery
 a - a ring of wizardry (left paw)
 t - a ring of protection from cold (right paw)
Wands
 u - a wand of flame (17)
 v - a wand of random effects (48)
Scrolls
 c - 2 scrolls of teleportation
 h - 3 scrolls of blinking
 i - 6 scrolls of remove curse
 l - 3 scrolls of immolation
 m - a scroll of fog
 n - a scroll of enchant weapon
 s - a scroll of fear
 w - a scroll of noise {unknown}
 x - a scroll of enchant armour {unknown}
 y - a scroll of vulnerability {unknown}
Potions
 d - 8 potions of curing
 e - a potion of might {unknown}
 f - 3 potions of haste
 g - 2 potions of mutation {unknown}
 j - 2 potions of heal wounds
 k - a potion of cancellation {unknown}
 o - 2 potions of brilliance
 p - a potion of flight {unknown}
 q - 2 potions of lignification {unknown}
 r - a potion of degeneration {unknown}
Comestibles
 b - 18 rations


   Skills:
 + Level 5.8 Fighting
 + Level 8.4 Dodging
 - Level 6.0 Stealth
 + Level 5.9 Unarmed Combat
 - Level 4.0 Spellcasting
 - Level 6.0 Ice Magic
 - Level 6.0 Invocations


You had 11 spell levels left.
You knew the following spells:

 Your Spells              Type           Power        Failure   Level  Hunger
a - Freeze                Ice            ###.         1%          1    None
b - Frozen Ramparts       Ice            ###...       1%          3    ###....

Your spell library contained the following spells:

 Spells                   Type           Power        Failure   Level  Hunger
 Magic Dart               Conj           #...         6%          1    None
 Ozocubu's Armour         Chrm/Ice       ##......     6%          3    ###....
 Blink                    Tloc           N/A          10%         2    ##.....
 Call Imp                 Summ           #.......     10%         2    ##.....
 Slow                     Hex            #.......     10%         2    ##.....
 Hailstorm                Conj/Ice       ##......     17%         4    ####...
 Summon Ice Beast         Ice/Summ       ##......     17%         4    ####...
 Conjure Flame            Conj/Fire      #.......     19%         3    ###....
 Mephitic Cloud           Conj/Pois/Air  #.......     19%         3    ###....


Dungeon Overview and Level Annotations

Branches:
Dungeon (9/15)             Temple (1/1) D:4           Sewer (visited)
   Lair: D:8-11         Orc: D:9-12

Altars:
Cheibriados
Dithmenos
Elyvilon
Fedhas
Gozag
Hepliaklqana
Kikubaaqudgha
Makhleb
Nemelex Xobeh
Okawaru
Qazlal
Ru
Sif Muna
Trog
Uskayaw
Vehumet
Wu Jian
Xom
Yredelemnul
Zin
The Shining One

Shops:
D:8 *


Innate Abilities, Weirdness & Mutations

You cannot wear armour.
You are incapable of wielding weapons or throwing items.
Your paws allow you to move quietly. (Stealth)
You have sharp claws.
You have razor-sharp teeth.
You have supernaturally acute eyesight. (SInv)
You are carnivorous and can eat meat at any time.
You cover ground quickly.
You are covered in thick fur. (AC +2)
You have a slow metabolism.
Your sharp claws are effective at attacking unaware monsters.


Message History

The slime creature closely misses you.
Casting: Frozen Ramparts (safe; 1% risk of failure)
Confirm with . or Enter, or press ? or * to list all spells.
The walls around you are covered in ice.
The white ugly thing resists.
The wall freezes the white ugly thing.
The wall freezes the slime creature.
The slime creature closely misses you.
The komodo dragon is no longer sharing its pain.
The slime creature is no longer sharing its pain.
The white ugly thing resists.
The wall freezes the white ugly thing.
The wall freezes the komodo dragon.
The white ugly thing is no longer sharing its pain.
The komodo dragon is no longer moving slowly.
The wall freezes the slime creature.
The white ugly thing resists.
The wall freezes the white ugly thing.
You can now merge with and destroy a victim.
You scratch the komodo dragon but do no damage.
The komodo dragon is severely wounded.
The wall freezes the komodo dragon.
The komodo dragon bites you!!
Ouch! That really hurt!
You die...

######### ####........
#@.#...... #Jl#..... ###
#u.#O..# ###.# #..#O..#
....############..#.au#
................OO#...#
..................a...#
..................#####
............รท.........#


You could see a white ugly thing, a slime creature, a komodo dragon, 2 ogres and
a worker ant.

Vanquished Creatures
  Pikel (D:6)
  A troll (D:9)
  Prince Ribbit (D:6)
  A hungry ghost (D:7)
  An ice beast (D:8)
  2 orc warriors (D:6)
  3 slaves (D:6)
  A black bear (D:6)
  2 sky beasts
  A phantom (D:7)
  2 ogres
  2 centaurs
  4 big kobolds (Sewer)
  Blork the orc (D:6)
  3 bullfrogs
  A scorpion (D:4)
  3 killer bees (D:8)
  A centaur zombie (D:5)
  2 crimson imps
  A quasit (D:7)
  A hound (D:8)
  4 jellies
  2 orc priests (D:5)
  A gnoll shaman (D:4)
  An orc wizard (D:3)
  7 worker ants
  3 hound zombies
  A hound skeleton (D:8)
  A worker ant zombie (D:7)
  12 gnolls
  16 adders
  2 river rats (Sewer)
  9 oozes
  An adder zombie (D:7)
  An adder skeleton (D:4)
  4 worms
  A dart slug (D:1)
  5 leopard geckos
  17 orcs
  10 ball pythons
  9 giant cockroaches
  6 goblins
  6 hobgoblins
  12 jackals
  6 quokkas
  4 bats
  5 frilled lizards
  A jackal skeleton (D:4)
  8 kobolds
  A quokka skeleton (D:8)
  13 rats
204 creatures vanquished.

Vanquished Creatures (others)
  A shadow imp (D:6)
  An orc (D:6)
2 creatures vanquished.

Grand Total: 206 creatures vanquished

Notes
Turn   | Place    | Note
-------+----------+-------------------------------------------
     0 | D:1      | MisterFreud the Felid Ice Elementalist began the quest for
                  | the Orb.
     0 | D:1      | Reached XP level 1. HP: 7/7 MP: 4/4
   205 | D:1      | Reached skill level 1 in Fighting
   330 | D:1      | Reached XP level 2. HP: 13/13 MP: 1/6
  1122 | D:2      | Found an ornate altar of the Wu Jian Council.
  1475 | D:2      | Reached XP level 3. HP: 16/16 MP: 3/7
  1480 | D:2      | Learned a level 3 spell: Frozen Ramparts
  1530 | D:2      | Found a sacrificial altar of Ru.
  1530 | D:2      | Found a white marble altar of Elyvilon.
  1677 | D:2      | Reached skill level 3 in Dodging
  1677 | D:2      | Reached skill level 1 in Unarmed Combat
  1869 | D:2      | Reached XP level 4. HP: 17/21 MP: 2/8
  2227 | D:3      | Reached skill level 4 in Dodging
  2227 | D:3      | Reached XP level 5. HP: 24/24 MP: 1/9
  3366 | D:4      | Reached skill level 5 in Dodging
  3639 | D:4      | Gained mutation: You are covered in thick fur. (AC +2)
                  | [Felid growth]
  3639 | D:4      | Reached XP level 6. HP: 28/28 MP: 6/10
  3791 | D:4      | Found a staircase to the Ecumenical Temple.
  3804 | Temple   | Entered the Ecumenical Temple
  4018 | Temple   | Became a worshipper of Uskayaw the Reveler
  4107 | D:4      | Found a snail-covered altar of Cheibriados.
  4120 | D:4      | Reached * piety under Uskayaw
  4256 | D:4      | Found a sparkling altar of Nemelex Xobeh.
  4343 | D:5      | Entered Level 5 of the Dungeon
  4360 | D:5      | Reached ** piety under Uskayaw
  4365 | D:5      | Reached *** piety under Uskayaw
  4455 | D:5      | Found a glowing drain.
  4478 | Sewer    | Entered a sewer
  4778 | Sewer    | Reached XP level 7. HP: 17/31 MP: 8/13
  5024 | Sewer    | Reached skill level 5 in Ice Magic
  5850 | D:5      | Reached skill level 1 in Invocations
  5850 | D:5      | Reached **** piety under Uskayaw
  6116 | D:5      | Reached XP level 8. HP: 31/34 MP: 11/15
  6908 | D:6      | Noticed Blork the orc
  7141 | D:6      | Noticed Pikel
  7153 | D:6      | HP: 1/34 [ogre/+0 giant club (15)]
  7158 | D:6      | Killed from afar by Pikel
  7159 | D:6      | Reached XP level 7. HP: -3/31 MP: 12/14
  7437 | D:6      | Noticed Prince Ribbit
  7482 | D:6      | Killed Prince Ribbit
  7482 | D:6      | Reached skill level 6 in Dodging
  7642 | D:6      | Killed Pikel
  7642 | D:6      | Reached skill level 5 in Stealth
  7642 | D:6      | Reached XP level 8. HP: 29/36 MP: 12/15
  7750 | D:6      | Killed Blork the orc
  8082 | D:6      | Reached skill level 7 in Dodging
  8432 | D:7      | Reached skill level 5 in Invocations
  8821 | D:7      | Reached XP level 9. HP: 25/40 MP: 13/16
  9091 | D:7      | Reached skill level 5 in Unarmed Combat
  9118 | D:7      | Reached skill level 5 in Fighting
  9756 | D:8      | Found a hazy altar of Hepliaklqana.
 10131 | D:8      | Found Pauwni's General Store.
 10369 | D:8      | Found a shimmering blue altar of Sif Muna.
 10369 | D:8      | Found an iron altar of Okawaru.
 10528 | D:8      | Reached skill level 8 in Dodging
 11019 | D:9      | Killed from afar by an orc priest
 11020 | D:9      | Reached XP level 8. HP: -2/38 MP: 8/15
 11048 | D:9      | Noticed a troll
 11060 | D:9      | Killed a troll
 11180 | D:9      | Noticed a slime creature
 11181 | D:9      | Noticed a white ugly thing
 11181 | D:9      | Noticed a komodo dragon
 11200 | D:9      | Reached ***** piety under Uskayaw
 11201 | D:9      | Mangled by a komodo dragon

Levels and vault maps discovered:
D:1:      minmay_arrival_checkered_box, layout_rooms
D:2:      minmay_chambers_of_twos, layout_basic, gammafunk_temple_overflow_wave,
          lemuel_crystal_altar
D:3:      layout_basic, first_ration, chequers_arboretum
D:4:      layout_rooms, kennysheep_little_box, minmay_temple_entry_junction_2,
          nemelex_dance_club_becter
D:5:      layout_loops_cross, portal_sewer_entry_f, st_stairs_14
D:6:      layout_basic, uniq_blork_the_orc, uniq_pikel, uniq_prince_ribbit1
D:7:      layout_basic, enter_bailey_2
D:8:      layout_basic, lemuel_crystal_altar, gammafunk_temple_overflow_pools,
          serial_glass, glass_columns_b, glass_columns_c, glass_columns_c,
          glass_columns_a, glass_columns_a, glass_columns_b, glass_columns_c,
          glass_columns_a, glass_columns_c, glass_columns_a, glass_columns_c,
          glass_columns_a, glass_columns_c, glass_columns_c,
          due_unseen_surprise, item_on_display_a, feat_on_display,
          feat_on_display, serial_shops, shop, hangedman_little_slice_of_home
D:9:      minmay_shrinking_squares, layout_irregular_city, lair_entry_dummy,
          minmay_pinched_square
Temple:   regret_index_temple_generic_petals

Skill      XL: |  1  2  3  4  5  6  7  8  9 |
---------------+----------------------------+-----
Fighting       | 1 2 3 4 5 |  5.8
Stealth        | 3 5 6 |  6.0
Dodging        | 3 4 5 6 7 8 |  8.4
Unarmed Combat | 1 2 3 4 5 |  5.9
Ice Magic      | 4 6 |  6.0
Spellcasting   | 3 4 |  4.0
Invocations    | 4 5 6 |  6.0

Action                   |  1- 3 |  4- 6 |  7- 9 || total
-------------------------+-------+-------+-------++-------
Melee: Unarmed           |    30 |    61 |   305 ||   396
       Bite              |     1 |     3 |    16 ||    20
       Punch             |       |       |     2 ||     2
 Cast: Freeze            |    24 |       |       ||    24
       Frozen Ramparts   |     6 |    26 |    73 ||   105
Evoke: Wand              |       |       |     1 ||     1
  Use: Scroll            |       |     8 |     3 ||    11
       Potion            |       |       |     1 ||     1
 Stab: Sleeping          |     8 |     9 |    15 ||    32
       Paralysed         |       |       |    12 ||    12
  Eat: Chunk             |    10 |     8 |    28 ||    46
       Ration            |       |       |     3 ||     3
Armor: Skin              |     4 |     2 |    14 ||    20
Dodge: Dodged            |    46 |    74 |   312 ||   432

Table legend:
 A = Non-vault XP
 B = Vault XP
 C = Vault XP percentage of total XP
 D = Non-vault monster count
 E = Vault monster count
 F = Vault count percentage of total count
                 A         B        C        D         E       F
            +---------+---------+-------+---------+---------+-------
      Total |    3668 |    1681 |  31.4 |     148 |      53 |  26.4
            +---------+---------+-------+---------+---------+-------
        D:1 |      22 |       0 |   0.0 |      16 |       0 |   0.0
        D:2 |      92 |      25 |  21.4 |      14 |       7 |  33.3
        D:3 |      98 |       0 |   0.0 |      21 |       0 |   0.0
        D:4 |     281 |      10 |   3.4 |      22 |       2 |   8.3
        D:5 |     536 |      11 |   2.0 |      15 |       5 |  25.0
        D:6 |     747 |     971 |  56.5 |      20 |       3 |  13.0
        D:7 |     803 |       0 |   0.0 |      20 |       0 |   0.0
        D:8 |     605 |     162 |  21.1 |      13 |       8 |  38.1
        D:9 |     484 |       0 |   0.0 |       7 |       0 |   0.0
      Sewer |       0 |     502 | 100.0 |       0 |      28 | 100.0
            +---------+---------+-------+---------+---------+-------
